 Dungeon Crawl Stone Soup version 0.30.1 (webtiles) character file.

Game seed: 18062182902060965079

1933 cdecastro the Reanimator (level 9, -6/62 HPs)
             Began as a Ghoul Necromancer on July 2, 2023.
             Was an Elder of Okawaru.
             Mangled by a wyvern (15 damage)
             ... on level 6 of the Dungeon.
             The game lasted 00:12:40 (7032 turns).

cdecastro the Reanimator (Ghoul Necromancer)        Turns: 7032, Time: 00:12:41

Health: -6/62      AC:  3    Str: 12    XL:     9   Next: 17%
Magic:  12/12      EV: 12    Int: 20    God:    Okawaru [****..]
Gold:   251        SH:  0    Dex:  9    Spells: 0/11 levels left

rFire   . . .        a - +3 short sword (venom)
rCold   + + .        (no shield)
rNeg    + + +        e - +0 robe
rPois   ∞            (no helmet)
rElec   .            (no cloak)
rCorr   .            f - +0 pair of gloves
SInv    .            (no boots)
Will    .....        o - amulet of faith
Stlth   ++           g - ring of protection from cold
HPRegen 0.00/turn    x - +6 ring of intelligence
MPRegen 0.13/turn

%: faith
@: inhibited regen
A: claws 1, cold resistance 1, negative energy resistance 3, inhibited
regeneration, torment resistance 2, devour on kill
a: Renounce Religion, Heroism, Finesse


You were on level 6 of the Dungeon.
You worshipped Okawaru.
Okawaru was greatly pleased with you.
You visited 2 branches of the dungeon, and saw 8 of its levels.

You collected 251 gold pieces.

Inventory:

Hand Weapons
 a - a +3 short sword of venom (weapon)
 c - a +0 dagger
Armour
 e - a +0 robe (worn)
 f - a +0 pair of gloves (worn)
Magical Staves
 q - a staff of earth
 A - a staff of fire
Jewellery
 g - a ring of protection from cold (left hand)
 o - an amulet of faith (around neck)
 x - a +6 ring of intelligence (right hand)
Wands
 u - a wand of paralysis (5)
 C - a wand of roots (9)
Scrolls
 d - a scroll of poison {unknown}
 j - a scroll of fear {unknown}
 k - a scroll of brand weapon {unknown}
 l - 2 scrolls of identify {unknown}
 m - 5 scrolls of teleportation {unknown}
 p - a scroll of noise {unknown}
 t - 2 scrolls of immolation {unknown}
 v - a scroll of enchant weapon {unknown}
 w - 3 scrolls of fog {unknown}
 y - a scroll of blinking {unknown}
 B - a scroll of vulnerability {unknown}
Potions
 b - a potion of magic
 h - a potion of mutation {unknown}
 i - 2 potions of lignification {unknown}
 n - 8 potions of curing {unknown}
 r - 4 potions of brilliance {unknown}
 s - a potion of ambrosia {unknown}
 z - a potion of degeneration {unknown}
 D - a potion of heal wounds {unknown}
 E - a potion of cancellation {unknown}


   Skills:
 * Level 6.1 Short Blades
 - Level 1.7 Dodging
 - Level 2.1 Stealth
 - Level 1.7 Spellcasting
 + Level 8.5 Necromancy
 - Level 6.1 Invocations


You couldn't memorise any spells.
You knew the following spells:

 Your Spells              Type           Power      Damage    Failure   Level
a - Necrotise             Necr           100%       1d9       1%          1
b - Vampiric Draining     Necr           35%        2d8       1%          3
c - Cigotuvi's Dreadful   Necr/Pois/Air  26%        N/A       8%          2
d - Agony                 Necr           35%        N/A       14%         5

Your spell library contained the following spells:

 Spells                   Type           Power      Damage    Failure   Level
 Shock                    Conj/Air       4%         1d3       16%         1
 Poisonous Vapours        Pois/Air       2%         N/A       24%         2
 Scorch                   Fire           2%         2d5       24%         2
 Ignite Poison            Fire/Tmut/Pois 1%         N/A       43%         3
 Mephitic Cloud           Conj/Pois/Air  1%         N/A       43%         3
 Swiftness                Air            1%         N/A       43%         3
 Airstrike                Air            0%         2d(1-17)  85%         4
 Flame Wave               Conj/Fire      1%         2d4       85%         4
 Freezing Cloud           Conj/Ice/Air   0%         6-21      99%         5
 Animate Dead             Necr           Unusable   N/A       N/A         4
 Summon Cactus Giant      Summ           Unusable   N/A       N/A         6

Dungeon Overview and Level Annotations

Branches:
Dungeon (7/15)             Temple (1/1) D:5

Altars:
Cheibriados
Fedhas
Gozag
Hepliaklqana
Kikubaaqudgha
Makhleb
Nemelex Xobeh
Okawaru
Qazlal
Ru
Sif Muna
Trog
Uskayaw
Wu Jian
Xom
Yredelemnul

Shops:
D:2 ([


Innate Abilities, Weirdness & Mutations

You are immune to poison.
You have sharp fingernails.
Your flesh is cold resistant. (rC+)
You are immune to negative energy. (rN+++)
You do not regenerate when monsters are visible.
You are immune to unholy pain and torment.
You thrive by killing the living.


Message History

You climb downwards.
There is a stone staircase leading up here.
Unknown command.
A wyvern comes into view.
A wyvern is nearby!
A wyvern is nearby!
The wyvern hisses angrily.
There is a stone staircase leading up here.
The wyvern bites you.
You climb upwards.
There is a stone staircase leading down here.
Unknown command.
You closely miss the wyvern. The wyvern bites you!
You hit the wyvern.
The wyvern is lightly wounded.
The wyvern bites you.
You puncture the wyvern!
The wyvern is poisoned.
The wyvern is moderately wounded.
The wyvern barely misses you.
You closely miss the wyvern.
The wyvern is moderately wounded.
The wyvern barely misses you.
You closely miss the wyvern. Your punch misses the wyvern.
The wyvern is moderately wounded.
The wyvern bites you.
You hit the wyvern but do no damage.
The wyvern is heavily wounded.
The wyvern bites you!
* * * LOW HITPOINT WARNING * * *
You hit the wyvern but do no damage.
The wyvern looks as sick as possible!
The wyvern is heavily wounded.
The wyvern closely misses you.
You hit the wyvern.
The wyvern looks as sick as possible!
The wyvern is heavily wounded.
The wyvern bites you!
* * * LOW HITPOINT WARNING * * *
You hit the wyvern but do no damage.
The wyvern is severely wounded.
The wyvern bites you!
You die...

#...........# #.# #.
#.......[...# #.# #.
#...........# #.# #.
#....).....)########.# #.
#...........+>.....#.# #.
#...........######.#.###.
##########.............#.
###########.#...#.
#@).........######
#.l#####..........
####..####.##..#####
#........#.###.#####
#........'...)......
#........#.#####.###
#........#.# #..#
#........#.# ##.#
#........#.# #.#


You could see a wyvern (extremely poisoned).

Vanquished Creatures
  3 black bears
  A sky beast (D:6)
  2 ice beasts
  An ogre (D:5)
  A centaur (D:5)
  A kobold brigand (D:6)
  4 bullfrogs
  3 scorpions
  3 hounds (D:6)
  A gnoll bouda (D:6)
  2 jellies
  5 sleepcaps
  Natasha (thrice) (D:3)
  3 orc wizards
  11 adders
  4 gnolls (D:6)
  A shadow imp (D:6)
  4 white imps
  2 ufetubi
  2 worms
  3 dart slugs
  10 orcs
  4 ball pythons
  5 endoplasms
  2 giant cockroaches (D:1)
  4 goblins
  7 hobgoblins
  9 kobolds
  5 quokkas
  5 bats (D:1)
  6 frilled lizards
  8 rats
125 creatures vanquished.

Vanquished Creatures (collateral kills)
  A ball python (D:1)
  A rat (D:1)
2 creatures vanquished.

Grand Total: 127 creatures vanquished

Notes
Turn   | Place    | Note
-------+----------+-------------------------------------------
     0 | D:1      | cdecastro the Ghoul Necromancer began the quest for the
                  | Orb.
     0 | D:1      | Reached XP level 1. HP: 14/14 MP: 2/2
   250 | D:1      | Reached XP level 2. HP: 3/20 MP: 1/3
   432 | D:1      | You fall into a shaft and drop 1 floor!
   490 | D:1      | Found a faded altar of an unknown god.
   498 | D:1      | Reached XP level 3. HP: 26/26 MP: 4/4
   521 | D:1      | Prayed at the altar of an unknown god.
   521 | D:1      | Became a worshipper of Warmaster Okawaru
   521 | D:1      | Reached * piety under Okawaru
   735 | D:1      | Reached skill level 5 in Necromancy
   924 | D:2      | Found Texuhicu's Weapon Boutique.
  1081 | D:2      | Found Qexkec's Antique Armour Shoppe.
  1290 | D:3      | Found a hide-covered altar of Uskayaw.
  1304 | D:3      | Reached XP level 4. HP: 15/33 MP: 5/5
  1431 | D:3      | Learned a level 3 spell: Vampiric Draining
  1435 | D:3      | Noticed Natasha
  1445 | D:3      | Killed Natasha
  1446 | D:3      | Reached skill level 1 in Short Blades
  1723 | D:3      | Noticed Natasha
  1736 | D:3      | Killed Natasha
  1911 | D:3      | Noticed Natasha
  1923 | D:3      | Killed Natasha
  1924 | D:3      | Reached XP level 5. HP: 27/38 MP: 4/6
  2190 | D:4      | Found a bloodstained altar of Trog.
  2281 | D:4      | Reached skill level 6 in Necromancy
  2336 | D:4      | Noticed a black bear
  2420 | D:4      | Learned a level 2 spell: Cigotuvi's Dreadful Rot
  2439 | D:4      | Reached ** piety under Okawaru
  2680 | D:4      | Reached XP level 6. HP: 16/45 MP: 4/7
  3175 | D:4      | Killed a black bear
  3175 | D:4      | Reached *** piety under Okawaru
  3176 | D:4      | Reached XP level 7. HP: 50/50 MP: 8/8
  3462 | D:5      | Entered Level 5 of the Dungeon
  3576 | D:5      | Reached skill level 1 in Invocations
  4008 | D:5      | Reached skill level 7 in Necromancy
  4264 | D:5      | Reached XP level 8. HP: 48/57 MP: 10/10
  4388 | D:5      | Reached skill level 5 in Invocations
  4681 | D:5      | Found a staircase to the Ecumenical Temple.
  4713 | Temple   | Entered the Ecumenical Temple
  5730 | D:6      | Reached **** piety under Okawaru
  5787 | D:6      | Reached skill level 8 in Necromancy
  5898 | D:6      | Reached skill level 5 in Short Blades
  6053 | D:6      | Reached XP level 9. HP: 15/57 MP: 10/12
  6918 | D:6      | Learned a level 5 spell: Agony
  7032 | D:6      | Mangled by a wyvern

Illustrated notes

Levels and vault maps discovered:
D:1:      lordsloth_arrival_two_stooges, layout_basic,
          ebering_ecumenical_altar_mist, wander_ebering_terrifying_dragon_lair
D:2:      layout_rooms, serial_shops, shop, shop
D:3:      layout_loops_ring, nicolae_uskayaw_dance_hall, uniq_natasha
D:4:      layout_basic, kennysheep_mini
D:5:      layout_basic, minmay_temple_entry_junction
D:6:      layout_basic, kennysheep_generic_room_14
D:7:      layout_cave_pools, lemuel_doored_altar, serial_gnoll_camp,
          gnoll_camp_mini_hut, gnoll_camp_mini_loothouse, gnoll_camp_mini_basic,
          gnoll_camp_mini_shop, uniq_menkaure
Temple:   kb_temple_of_zot

Skill      XL: |  1  2  3  4  5  6  7  8  9 |
---------------+----------------------------+-----
Necromancy     | 5 6 7 8 |  8.5
Short Blades   | 2 3 4 5 6 |  6.1
Invocations    | 4 6 |  6.1
Dodging        | |  1.7
Stealth        | |  2.1
Spellcasting   | |  1.7

Action                     |  1- 3 |  4- 6 |  7- 9 || total
---------------------------+-------+-------+-------++-------
  Melee: Short sword       |    87 |   109 |   354 ||   550
         Dagger            |     2 |       |       ||     2
         Punch             |       |       |     4 ||     4
   Cast: Necrotise         |     8 |     6 |     1 ||    15
         Vampiric Draining |       |       |     7 ||     7
         Cigotuvi's Dreadf |       |       |     2 ||     2
 Invoke: Heroism           |       |       |     2 ||     2
  Evoke: Wand              |       |     3 |       ||     3
   Stab: Sleeping          |     4 |     4 |       ||     8
         Paralysed         |       |     3 |       ||     3
         Distracted        |       |     1 |       ||     1
 Armour: Robe              |    24 |    15 |    62 ||   101
  Dodge: Dodged            |    66 |    56 |   167 ||   289
